 Dungeon Crawl Stone Soup version 0.26.1-2-gb8aa6d0cf2 (webtiles) character file.

Game seed: 16316543620887806846

3367 Gadfly the Cudgeller (level 9, -1/88 HPs)
             Began as a Troll Artificer on Feb 24, 2021.
             Was an Initiate of Gozag.
             Killed by the air
             ... invoked by Gastronok
              (23 damage)
             ... on level 9 of the Dungeon.
             The game lasted 00:11:42 (8643 turns).

Gadfly the Cudgeller (Troll Artificer)              Turns: 8643, Time: 00:11:42

Health: -1/88      AC: 13    Str: 24    XL:     9   Next: 73%
Magic:  8/8        EV: 14    Int:  7    God:    Gozag
Gold:   736        SH:  5    Dex: 17    Spells: 8/8 levels left

rFire    . . .     SeeInvis .   a - +2 flail (protect)
rCold    . . .     Faith    .   (no shield)
rNeg     . . .     Spirit   .   o - +0 robe (curse)
rPois    .         Reflect  +   (helmet restricted)
rElec    .         Harm     .   (no cloak)
rCorr    .         Rampage  .   (gloves unavailable)
Will     .....                  (boots unavailable)
Stlth    ++........             f - amulet of reflection
HPRegen  0.64/turn              v - +4 ring of evasion
MPRegen  0.11/turn              y - +6 ring of dexterity

@: protection aura
A: large, unfitting armour, claws 3, regeneration 1, shaggy fur 1, tough skin 3
a: Renounce Religion, Potion Petition, Call Merchant, Bribe Branch


You were on level 9 of the Dungeon.
You worshipped Gozag.
Gozag was pleased with you.
You visited 2 branches of the dungeon, and saw 10 of its levels.

You collected 859 gold pieces.
You paid 123 gold pieces to Gozag.

Inventory:

Hand Weapons
 a - a +2 flail of protection (weapon)
 b - a +3 war axe
 t - a +3 dagger of freezing
Armour
 o - a cursed +0 robe (worn)
Jewellery
 f - an amulet of reflection (around neck)
 i - an uncursed amulet of the acrobat
 v - a +4 ring of evasion (left claw)
 x - an uncursed ring of resist corrosion
 y - a +6 ring of dexterity (right claw)
Wands
 c - a wand of flame (8)
 d - a wand of enslavement (15)
 e - a wand of random effects (4) (quivered)
 z - a wand of acid (12)
Scrolls
 g - 3 scrolls of fog
 l - 7 scrolls of remove curse
 m - 4 scrolls of teleportation
 r - 3 scrolls of magic mapping
 s - 2 scrolls of fear
 u - a scroll of identify
 w - 2 scrolls of enchant weapon
Potions
 h - 3 potions of might
 j - 2 potions of curing
 k - a potion of heal wounds
 n - 4 potions of attraction
 p - a potion of lignification
 q - 2 potions of haste


   Skills:
 + Level 5.3 Fighting
 * Level 7.9 Maces & Flails
 + Level 5.2 Armour
 - Level 1.9 Dodging
 - Level 0.3 Stealth
 + Level 4.9 Evocations


You had 8 spell levels left.
You didn't know any spells.
Your spell library contained the following spells:

 Spells                   Type           Power        Failure   Level
 Shock                    Conj/Air       0%           43%         1
 Swiftness                Air            0%           56%         2
 Static Discharge         Conj/Air       0%           80%         3
 Airstrike                Air            0%           99%         4
 Lightning Bolt           Conj/Air       0%           100%        5


Dungeon Overview and Level Annotations

Branches:
Dungeon (9/15)             Temple (1/1) D:6             Orc (0/2) D:9
   Lair: D:8-11

Altars:
Ashenzari
Cheibriados
Elyvilon
Gozag
Kikubaaqudgha
Makhleb
Okawaru
Qazlal
Sif Muna
Trog
Uskayaw
Vehumet
Xom
Yredelemnul

Annotations:
D:9 Erolcha, Gastronok


Innate Abilities, Weirdness & Mutations

You are too large for most types of armour.
You have claws for hands.
Your natural rate of healing is unusually fast.
You are covered in fur. (AC +1)
You have extremely tough skin. (AC +3)


Message History

Press: ? - help, Shift-Dir - straight line, f/p - Gastronok
Aim: Gastronok, wearing a +1 hat (heavily wounded, covering ground quickly, covered in acid)
The mass of ice explodes!
The iceblast engulfs Gastronok!!
Gastronok is severely wounded.
The iceblast engulfs you!
* * * LOW HITPOINT WARNING * * *
Gastronok is no longer covered in acid.
You feel much better.
Gastronok waves his eye-stalks in wide circles.
The air twists around and strikes you!
* * * LOW HITPOINT WARNING * * *
Okay, then.
You thump Gastronok!
Gastronok is severely wounded.
You sock Gastronok!
Gastronok is severely wounded.
Gastronok waves his eye-stalks in wide circles.
The air twists around and strikes you!!
You die...
Your body crumbles into a pile of gold.

####### ....... #..'[##.
....... #.#####.######
....... #.)# #.......###
....... #'####.........#
....... #..##........#.####
>......
..###.....[..#.w@.##.......
### ##.##########..'.......
#. ####.>..... # # ###+###
### ..### ####+##### ..'.#
#......... ..#.###......(..
..#...#.........


You could see Gastronok (swift).

Vanquished Creatures
  A spriggan (D:9)
  Edmund (D:6)
  A water moccasin (D:7)
  A sky beast (D:5)
  An ice beast (D:3)
  A phantom (D:7)
  2 black bears
  6 ogres
  A necrophage (D:8)
  2 centaurs
  A big kobold (D:8)
  6 bullfrogs
  A wyvern skeleton (D:9)
  3 scorpions
  2 water moccasin skeletons
  6 wights
  A centaur zombie (D:8)
  A bullfrog skeleton (D:8)
  A hound (D:9)
  3 orc wizards
  An orc priest (D:6)
  2 centaur skeletons
  Natasha (thrice) (D:2)
  6 worker ants
  A hound skeleton (D:7)
  A worker ant zombie (D:5)
  4 gnolls (D:9)
  10 adders
  A shadow imp (D:7)
  A white imp (D:6)
  An ufetubus (D:8)
  2 oozes
  6 worms
  2 dart slugs
  4 leopard geckos
  14 orcs
  10 bats
  4 giant cockroaches
  3 goblins
  13 hobgoblins
  14 jackals
  6 quokkas
  8 frilled lizards
  6 kobolds
  A leopard gecko skeleton (D:8)
  8 rats
174 creatures vanquished.

Notes
Turn   | Place    | Note
-------+----------+-------------------------------------------
     0 | D:1      | Gadfly the Troll Artificer began the quest for the Orb.
     0 | D:1      | Reached XP level 1. HP: 18/18 MP: 0/0
   143 | D:1      | Reached skill level 1 in Fighting
   146 | D:1      | Reached XP level 2. HP: 27/27 MP: 1/1
   280 | D:1      | Reached skill level 1 in Maces & Flails
   420 | D:1      | Reached skill level 1 in Armour
   672 | D:1      | Reached XP level 3. HP: 33/33 MP: 2/2
   931 | D:2      | Noticed Natasha
   939 | D:2      | Killed Natasha
   940 | D:2      | Reached skill level 2 in Maces & Flails
   940 | D:2      | Reached XP level 4. HP: 31/41 MP: 3/3
  1388 | D:2      | Noticed Natasha
  1395 | D:2      | Killed Natasha
  1585 | D:2      | Noticed Natasha
  1605 | D:2      | Killed Natasha
  1606 | D:2      | Reached XP level 5. HP: 20/49 MP: 4/4
  2276 | D:3      | Found a broken altar of Ashenzari.
  2296 | D:3      | Reached skill level 3 in Maces & Flails
  2509 | D:3      | Noticed an ice beast
  2532 | D:3      | Killed an ice beast
  2533 | D:3      | Reached XP level 6. HP: 4/59 MP: 5/5
  3330 | D:4      | Found an ancient bone altar of Kikubaaqudgha.
  3375 | D:4      | Found a basalt altar of Yredelemnul.
  3503 | D:4      | Reached skill level 4 in Maces & Flails
  3503 | D:4      | Reached XP level 7. HP: 61/67 MP: 6/6
  4158 | D:5      | Entered Level 5 of the Dungeon
  4162 | D:5      | Found a snail-covered altar of Cheibriados.
  4743 | D:5      | Found a burning altar of Makhleb.
  4906 | D:5      | Reached skill level 5 in Maces & Flails
  5211 | D:6      | Reached XP level 8. HP: 53/78 MP: 7/7
  5402 | D:6      | Noticed Edmund
  5427 | D:6      | Killed Edmund
  5537 | D:6      | Found a staircase to the Ecumenical Temple.
  5576 | Temple   | Entered the Ecumenical Temple
  5589 | Temple   | Became a worshipper of Gozag Ym Sagoz the Greedy
  5643 | D:6      | Found an iron altar of Okawaru.
  5686 | D:6      | Reached skill level 6 in Maces & Flails
  6271 | D:7      | Got a twisted rapier
  6272 | D:7      | Identified the +6 rapier of Dithmenos's Anger {pain, Int+3
                  | Stlth+} (You found it on level 7 of the Dungeon)
  6396 | D:7      | Found a radiant altar of Vehumet.
  6656 | D:7      | Reached XP level 9. HP: 79/85 MP: 8/8
  7037 | D:7      | Reached skill level 7 in Maces & Flails
  7465 | D:8      | Reached skill level 5 in Fighting
  8008 | D:9      | Reached skill level 5 in Armour
  8136 | D:9      | Found a staircase to the Orcish Mines.
  8258 | D:9      | Noticed Erolcha
  8279 | D:9      | Paralysed by Erolcha for 2 turns
  8290 | D:9      | Paralysed by something for 4 turns
  8604 | D:9      | Noticed Gastronok
  8643 | D:9      | Killed from afar by Gastronok

Illustrated notes

Levels and vault maps discovered:
D:1:      grunt_arrival_crossed_arrows, layout_basic, minmay_hedge_maze
D:2:      layout_loops_cross, kennysheep_big_empty_room, chequers_arboretum,
          minmay_bisected, uniq_natasha
D:3:      layout_loops_corners, cheibrodos_ashenzari_chains, minmay_circle_x
D:4:      layout_loops_corners, nicolae_overflow_crystal_walls,
          lemuel_crystal_altar, kennysheep_generic_room_8
D:5:      layout_loops_corners, basic_altar, lemuel_altar_in_water
D:6:      layout_loops_ring, minmay_temple_entry_hall, basic_altar, uniq_edmund
D:7:      layout_loops_corners, vehumet_crystals
D:8:      layout_basic
D:9:      layout_roguey, the_bakery, uniq_erolcha, uniq_gastronok
Temple:   compressed_dpeg_circular_temple

Skill      XL: |  1  2  3  4  5  6  7  8  9 |
---------------+----------------------------+-----
Fighting       | 1 2 3 4 5 |  5.3
Maces & Flails | 1 2 3 4 5 6 7 |  7.9
Armour         | 1 2 3 4 5 |  5.2
Evocations     | 3 4 |  4.9
Dodging        | |  1.9
Stealth        | |  0.3

Action                   |  1- 3 |  4- 6 |  7- 9 || total
-------------------------+-------+-------+-------++-------
Melee: Club              |    45 |       |       ||    45
       Mace              |    97 |    77 |       ||   174
       Falchion          |       |   113 |    23 ||   136
       Flail             |       |    39 |   366 ||   405
Evoke: Wand              |     1 |     5 |    14 ||    20
  Use: Scroll            |     3 |     8 |     5 ||    16
       Potion            |     2 |     1 |     6 ||     9
 Stab: Sleeping          |     1 |     4 |     1 ||     6
Armor: Robe              |    92 |    49 |    94 ||   235
       Skin              |       |       |     8 ||     8
Dodge: Dodged            |   121 |   119 |   181 ||   421
Block: Other             |    61 |    45 |    94 ||   200
       Reflection        |     2 |     2 |     2 ||     6
       Rpst.: Falchion   |       |    20 |     1 ||    21
